 Dungeon Crawl Stone Soup version 0.26-a0-682-g294304f6e8 (webtiles) character file.

Game seed: 12474799068328897441

3575 jiml777 the Destroyer (level 9, -25/45 HPs)
             Began as a Deep Elf Conjurer on Oct 20, 2020.
             Was a Believer of Sif Muna.
             Annihilated by an orc knight
             ... wielding a +0 halberd
              (27 damage)
             ... in a bailey.
             The game lasted 01:05:55 (9122 turns).

jiml777 the Destroyer (Deep Elf Conjurer)           Turns: 9122, Time: 01:05:55

Health: -25/45     AC:  7    Str:  4    XL:     9   Next: 84%
Magic:  0/23       EV: 14    Int: 33    God:    Sif Muna [**....]
Gold:   819        SH:  0    Dex: 13    Spells: 1/25 levels left

rFire    . . .     SeeInvis .   D - staff of poison
rCold    . . .     Faith    .   (no shield)
rNeg     . . .     Spirit   +   a - +2 robe
rPois    +         Reflect  .   q - +2 helmet
rElec    .         Harm     .   (no cloak)
rCorr    .         Rampage  .   (no gloves)
MR       .....                  (no boots)
Stlth    +++.......             y - amulet of guardian spirit
HPRegen  0.15/turn              c - ring of wizardry
MPRegen  0.18/turn              f - +6 ring of intelligence

@: studying Long Blades
A: no striking features
a: Channel Magic, Renounce Religion


You were in a bailey.
You worshipped Sif Muna.
Sif Muna was pleased with you.
You visited 2 branches of the dungeon, and saw 9 of its levels.
You also visited: Bailey.

You collected 819 gold pieces.

Inventory:

Hand Weapons
 b - a +3 dagger
 h - a +5 fustibalus
 s - a +0 dagger of venom
 u - a +2 whip of freezing
 x - a +0 hunting sling of freezing
Missiles
 i - 105 stones
 m - 6 atropa-tipped darts (quivered)
 r - 20 poisoned darts
Armour
 a - a +2 robe (worn)
 k - a +1 ring mail of cold resistance
 q - a +2 helmet (worn)
Magical Staves
 D - an uncursed staff of poison (weapon)
Jewellery
 c - a ring of wizardry (left hand)
 f - a +6 ring of intelligence (right hand)
 v - a cursed -4 ring of intelligence
 y - an amulet of guardian spirit (around neck)
Wands
 j - a wand of random effects (19)
Scrolls
 e - 2 scrolls of remove curse
 p - 3 scrolls of amnesia
 t - 2 scrolls of blinking
 C - 2 scrolls of identify
 E - a scroll of fear
Potions
 g - a potion of curing
 l - 2 potions of flight
 n - a potion of resistance
 o - 2 potions of lignification
 w - a potion of brilliance {unknown}
 A - a potion of stabbing
Books
 B - a manual of Long Blades
Miscellaneous
 d - a phantom mirror


   Skills:
 * Level 2.8 Long Blades
 + Level 4.1 Dodging
 + Level 5.1 Stealth
 + Level 8.8 Spellcasting
 + Level 9.1 Conjurations
 * Level 5.9 Hexes
 * Level 4.6 Translocations
 * Level 3.7 Transmutations
 * Level 2.0 Fire Magic
 * Level 3.1 Earth Magic
 * Level 3.2 Poison Magic


You had one spell level left.
You knew the following spells:

 Your Spells              Type           Power        Failure   Level
a - Magic Dart            Conj           ####         1%          1
b - Searing Ray           Conj           ######       1%          2
c - Dazzling Flash        Conj/Hex       ######       1%          3
d - Iskenderun's Mystic   Conj/Tloc      ######..     1%          4
e - Stone Arrow           Conj/Erth      ######       1%          3
f - Eringya's Noxious Bo  Tmut/Pois      ######....   41%         6
g - Bolt of Magma         Conj/Fire/Erth #####.....   4%          5

Your spell library contained the following spells:

 Spells                   Type           Power        Failure   Level
 Corpse Rot               Necr/Air       N/A          1%          2
 Fulminant Prism          Conj/Hex       ######....   1%          4
 Iskenderun's Battlesphe  Conj           ######..     1%          5
 Summon Forest            Summ/Tloc      ####......   14%         5
 Iron Shot                Conj/Erth      ######....   16%         6
 Orb of Destruction       Conj           ######....   26%         7
 Hydra Form               Tmut           #####.....   38%         6
 Spellforged Servitor     Conj/Summ      #####.....   82%         7
 Summon Hydra             Summ           ##........   100%        7


Dungeon Overview and Level Annotations

Branches:
Dungeon (8/15)             Temple (1/1) D:5          Bailey (1/1)
   Lair: D:8-11

Altars:
Elyvilon
Hepliaklqana
Makhleb
Okawaru
Qazlal
Sif Muna
Trog
The Shining One


Message History

The orc knight completely misses you.
Casting: Searing Ray (safe; 1% risk of failure)
Confirm with . or Enter, or press ? or * to list all spells.
Aiming: Searing Ray (safe; 1% risk of failure)
Press: ? - help, Shift-Dir - straight line, f/p - orc knight
Aim: an orc knight, wielding a +0 halberd and wearing a cursed +0 chain mail (moderately wounded)
The searing ray hits the orc knight.
The orc knight is moderately wounded. (Press . to maintain the ray.)
The orc knight hits you from afar with a +0 halberd!!
The searing ray hits the orc knight!
The orc knight is heavily wounded.
The searing ray hits the orc!
You kill the orc!
Sif Muna accepts your kill.
The orc knight hits you from afar with a +0 halberd!!
* * * LOW HITPOINT WARNING * * *
The orc knight hits you from afar with a +0 halberd!!
Ouch! That really hurt!
You die...

### ###
#######∩###########.##
....##.∩.##.....##...#
≈≈≈..#..(#.)≈≈≈..#...#
≈.≈≈..(....≈≈.≈≈.#...#
.∩)≈.(....(≈)∩.≈.)...#
≈.≈≈.....))≈≈.≈≈@#)..#
≈≈≈..#((.#(.≈≈≈..#...#
)...##..(##.).o.##(..#
#######∩###########(##
### ###


You could see an orc knight.

Vanquished Creatures
  Pikel (D:5)
  A water moccasin (D:6)
  An ice beast (D:6)
  A sky beast (D:2)
  11 orc warriors
  3 black bears (D:6)
  A necrophage (D:7)
  A phantom (D:8)
  2 centaurs
  2 bullfrogs
  A howler monkey (D:8)
  A crimson imp (D:4)
  A quasit (D:7)
  A gnoll shaman (D:6)
  2 orc priests
  A hound (D:5)
  Terence (D:2)
  4 iguanas
  7 orc wizards
  Natasha (thrice) (D:3)
  2 worker ants
  Robin (D:4)
  7 gnolls (D:6)
  12 adders
  A shadow imp (D:5)
  2 white imps
  An ufetubus (D:7)
  2 oozes
  An adder zombie (D:5)
  2 worms
  3 dart slugs (D:2)
  4 leopard geckos
  43 orcs
  3 ball pythons
  12 bats
  5 giant cockroaches
  15 goblins
  8 hobgoblins
  9 jackals
  3 quokkas
  3 frilled lizards
  A giant cockroach zombie (D:6)
  A jackal skeleton (D:4)
  4 kobolds
  A quokka skeleton (D:6)
  9 rats
201 creatures vanquished.

Notes
Turn   | Place    | Note
-------+----------+-------------------------------------------
     0 | D:1      | jiml777 the Deep Elf Conjurer began the quest for the Orb.
     0 | D:1      | Reached XP level 1. HP: 10/10 MP: 6/6
   339 | D:1      | Reached XP level 2. HP: 15/15 MP: 5/8
   433 | D:1      | Learned a level 2 spell: Searing Ray
   718 | D:1      | Reached skill level 5 in Conjurations
  1167 | D:2      | Reached XP level 3. HP: 19/19 MP: 6/9
  1303 | D:2      | Noticed Terence
  1310 | D:2      | Killed Terence
  1496 | D:2      | Reached XP level 4. HP: 24/24 MP: 8/11
  1567 | D:2      | Noticed a sky beast
  1580 | D:2      | Killed a sky beast
  1580 | D:2      | Reached skill level 6 in Conjurations
  1580 | D:2      | Reached XP level 5. HP: 20/28 MP: 3/13
  2389 | D:3      | Found a white marble altar of Elyvilon.
  2702 | D:3      | Reached XP level 6. HP: 32/32 MP: 11/14
  3050 | D:3      | Learned a level 3 spell: Dazzling Flash
  3055 | D:3      | Learned a level 4 spell: Iskenderun's Mystic Blast
  3226 | D:3      | Noticed Natasha
  3229 | D:3      | Killed Natasha
  3230 | D:3      | Reached skill level 1 in Hexes
  3237 | D:3      | Reached skill level 5 in Spellcasting
  3237 | D:3      | Reached skill level 7 in Conjurations
  3252 | D:3      | Noticed Natasha
  3255 | D:3      | Killed Natasha
  3255 | D:3      | Reached skill level 1 in Translocations
  3592 | D:3      | Noticed Natasha
  3595 | D:3      | Killed Natasha
  4096 | D:4      | Noticed Robin
  4104 | D:4      | Reached XP level 7. HP: 36/36 MP: 7/17
  4126 | D:4      | Killed Robin
  4759 | D:5      | Entered Level 5 of the Dungeon
  5127 | D:5      | Noticed Pikel
  5134 | D:5      | Killed Pikel
  5134 | D:5      | Reached skill level 8 in Conjurations
  5134 | D:5      | Reached XP level 8. HP: 37/41 MP: 9/20
  5203 | D:5      | Found a staircase to the Ecumenical Temple.
  5210 | Temple   | Entered the Ecumenical Temple
  5216 | Temple   | Became a worshipper of Sif Muna the Loreminder
  5269 | D:5      | Found a stormy altar of Qazlal.
  5328 | D:5      | Found a glowing golden altar of the Shining One.
  5342 | D:5      | Identified a scroll of acquirement
  5342 | D:5      | Acquired a Fen Folio
  5348 | D:5      | Learned a level 3 spell: Stone Arrow
  5355 | D:5      | Learned a level 6 spell: Eringya's Noxious Bog
  5546 | D:5      | Found an iron altar of Okawaru.
  5880 | D:6      | Reached skill level 1 in Poison Magic
  6199 | D:6      | Found a bloodstained altar of Trog.
  6207 | D:6      | Reached skill level 1 in Transmutations
  6207 | D:6      | Reached skill level 1 in Earth Magic
  6703 | D:6      | Reached XP level 9. HP: 45/45 MP: 11/22
  6947 | D:7      | Reached skill level 5 in Stealth
  7021 | D:7      | Reached * piety under Sif Muna
  7162 | D:7      | Found a hazy altar of Hepliaklqana.
  7169 | D:7      | Reached skill level 1 in Long Blades
  7264 | D:7      | Reached skill level 5 in Hexes
  7353 | D:7      | Learned a level 5 spell: Bolt of Magma
  7494 | D:7      | Found a burning altar of Makhleb.
  7743 | D:8      | Reached skill level 1 in Fire Magic
  7931 | D:8      | Found a flagged portal.
  8054 | Bailey   | Entered a bailey
  8360 | Bailey   | Reached skill level 9 in Conjurations
  9035 | Bailey   | Noticed an orc knight
  9044 | Bailey   | Reached ** piety under Sif Muna
  9120 | Bailey   | HP: 2/45 [orc knight/+0 halberd (14)]
  9122 | Bailey   | Annihilated by an orc knight

Illustrated notes

Levels and vault maps discovered:
D:1:      scummos_arrival_gate, layout_loops_ring
D:2:      layout_loops_corners, kennysheep_pointless_box, uniq_terence
D:3:      layout_basic, overflow_temple_1_default,
          chequers_serial_rivers_room_b, uniq_natasha
D:4:      layout_basic, minmay_fire_ice_demons, uniq_robin
D:5:      layout_loops_ring, lemuel_coloured_pillars_altar, kennysheep_mini,
          minmay_temple_entry_hall, basic_altar, uniq_pikel
D:6:      layout_basic, trog_ov_bears_minmay, item_on_display_a
D:7:      layout_basic, lightli_temple_of_fire, old_standard_altar,
          minmay_manual_mail
D:8:      layout_loops_ring, nicolae_overflow_crystal_walls, enter_bailey_3,
          nicolae_ru_path_of_blood
Temple:   dshaligram_water_room_temple
Bailey:   bailey_polearm_4, bailey

Skill      XL: |  1  2  3  4  5  6  7  8  9 |
---------------+----------------------------+-----
Conjurations   | 5 6 7 8 9 |  9.1
Dodging        | 3 4 |  4.1
Stealth        | 3 4 5 |  5.1
Spellcasting   | 4 5 6 7 8 |  8.8
Hexes          | 2 3 4 5 |  5.9
Translocations | 1 3 4 |  4.6
Poison Magic   | 2 3 |  3.2
Transmutations | 1 3 |  3.7
Earth Magic    | 1 3 |  3.1
Long Blades    | 2 |  2.8
Fire Magic     | 2 |  2.0

Action                   |  1- 3 |  4- 6 |  7- 9 || total
-------------------------+-------+-------+-------++-------
Melee: Short sword       |       |     1 |     5 ||     6
       Dagger            |       |       |     1 ||     1
 Cast: Magic Dart        |    31 |    16 |    42 ||    89
       Searing Ray       |    13 |    43 |    99 ||   155
       Stone Arrow       |       |       |     1 ||     1
  Use: Scroll            |       |    14 |     8 ||    22
       Potion            |       |       |     7 ||     7
Armor: Robe              |     1 |     7 |    11 ||    19
Dodge: Dodged            |     2 |    16 |    43 ||    61

Table legend: (Time is in decaauts)
 A = Elapsed time spent in this place.
 B = Non-inter-level travel time spent in this place.
 C = Inter-level travel time spent in this place.
 D = Time resting spent in this place.
 E = Time spent auto-exploring this place.
 F = Levels seen in this place.
 G = Mean time per level.
                   A        B        C        D        E       F      G
               +--------+--------+--------+--------+--------+-----+--------+
         Total |   9099 |   8931 |    168 |   3260 |   3872 |  10 |  909.9 |
       Dungeon |   8037 |   7875 |    162 |   2456 |   3872 |   8 | 1004.6 |
        Temple |     12 |      6 |      6 |      0 |      0 |   1 |   12.0 |
        Bailey |   1049 |   1049 |      0 |    804 |      0 |   1 | 1049.0 |
               +--------+--------+--------+--------+--------+-----+--------+

Top non-repeatable levels by time:
     D:3: 1531 daAuts
     D:2: 1327 daAuts
     D:6: 1176 daAuts
  Bailey: 1049 daAuts
     D:4: 1007 daAuts
     D:5: 967 daAuts
     D:1: 889 daAuts
     D:7: 747 daAuts
     D:8: 390 daAuts
  Temple: 12 daAuts
